 Dungeon Crawl Stone Soup version 0.31-a0-841-g038b102fc3 (webtiles) character file.

Game seed: 1599755891401505245

6 LeprechaunX the Changeling (level 1, -6/13 HPs)
             Began as an Octopode Shapeshifter on Sept 28, 2023.
             Succumbed to a kobold's poison
             ... on level 1 of the Dungeon.
             The game lasted 00:00:29 (161 turns).

LeprechaunX the Changeling (Octopode Shapeshifter)   Turns: 161, Time: 00:00:29

Health: -6/13      AC:  1    Str: 13    XL:     1   Next: 90%
Magic:  1/1        EV: 13    Int: 12    God:
Gold:   17         SH:  0    Dex: 11    Spells: 0/0 levels left

rFire   . . .        f - +0 broad axe
rCold   . . .        (no shield)
rNeg    . . .        (helmet currently unavailable)
rPois   .            (no amulet)
rElec   .            (no ring)
rCorr   .            (no ring)
SInv    .            (no ring)
Will    .....        (no ring)
Stlth   ++           (no ring)
HPRegen 0.22/turn    (no ring)
MPRegen 0.07/turn    (no ring)
                     (no ring)

%: no passive effects
@: lethally poisoned (-6 -> -36), beast-form
A: beast (slay +1), almost no armour, amphibious, 8 rings, camouflage 1,
gelatinous body 1, (nimble swimmer 1), tentacles
a: Begin Untransformation


You were on level 1 of the Dungeon.
You were a hulking beast.
You visited 1 branch of the dungeon, and saw 1 of its levels.

You collected 17 gold pieces.

Inventory:

Hand Weapons
 f - a +0 broad axe (weapon)
Talismans
 b - a beast talisman (active)
 c - a flux talisman
Scrolls
 d - a scroll of enchant armour {unknown}
 g - a scroll of identify {unknown}
 h - a scroll of fog {unknown}
Potions
 a - a potion of lignification
 e - a potion of heal wounds {unknown}


   Skills:
 + Level 1.1 Fighting
 + Level 2.1 Dodging
 + Level 3.0 Unarmed Combat
 * Level 3.1 Shapeshifting


You couldn't memorise any spells.
You didn't know any spells.
Your spell library was empty.

Dungeon Overview and Level Annotations

Branches:
Dungeon (1/15)

Altars:

Shops:
D:1 (


Innate Abilities, Weirdness & Mutations

You are a hulking beast.
Your limbs bulge with bestial killing power. (Slay +1)
You cannot wear most types of armour.
You are amphibious.
You can wear up to eight rings at the same time.
Your skin changes colour to match your surroundings (Stealth+).
Your rubbery body absorbs attacks. (AC +1, EV +1)
((You are camouflaged when in or above water. (Stealth+)))
You have tentacles for arms and can constrict up to eight enemies at once.


Message History

No target in view!
No target in view!
No target in view!
No target in view!
No target in view!
No target in view!
No target in view!
Found Paoh Ygua's Antique Weapon Shoppe.
h - a scroll labelled TYSANU VIRYMI
Found a spear.
There is an entrance to Paoh Ygua's Antique Weapon Shoppe here.
You can access your shopping list by pressing '$'.
A kobold comes into view. It is wielding a +2 whip of venom.
The kobold shouts!
A giant cockroach comes into view.
The kobold throws a stone.
The stone closely misses you.
You see here a scroll labelled TYSANU VIRYMI.
There are monsters nearby!
There are monsters nearby!
A quokka comes into view.
A kobold comes into view. It is wielding a +0 club.
Found 8 gold pieces.
The giant cockroach misses you.
You barely miss the giant cockroach.
The kobold shouts!
Your grab misses the giant cockroach. You miss the kobold.
The giant cockroach barely misses you.
The kobold hits you with a +2 whip of venom.
You are lethally poisoned!
The giant cockroach barely misses you. The quokka closely misses you.
The kobold hits you with a +2 whip of venom!
Ouch! That really hurt!
You are more poisoned.
You are too injured to fight recklessly!
Unknown command.
You are too injured to fight recklessly!
You miss the kobold. You grab the kobold. You barely miss the giant cockroach.
You miss the quokka. You constrict the kobold.
Ouch! That really hurt!
You die...

# .. ##... .#.##.# #...#
....####
.#.....##...###......##
>......##...##........##
##........#.#..........#
##.....#..#.#....).....#
##.....#.##.#..........#
##..........#...rBK....#
#####)†..##.....hK.....#
# #...#..............##
## #.....##............#
.###......#.∩?.........#
......###.##...........#
..#...# .###.........$#
.##...# .# #..........#
......# .# #.........##
....#.# #.#......##


You could see a quokka, a giant cockroach and 2 kobolds.

Vanquished Creatures
  2 giant cockroaches (D:1)
  A goblin (D:1)
  A bat (D:1)
  A frilled lizard (D:1)
  A kobold (D:1)
6 creatures vanquished.

Notes
Turn   | Place    | Note
-------+----------+-------------------------------------------
     0 | D:1      | LeprechaunX the Octopode Shapeshifter began the quest for
                  | the Orb.
     0 | D:1      | Reached XP level 1. HP: 13/13 MP: 1/1
   142 | D:1      | Found Paoh Ygua's Antique Weapon Shoppe.
   161 | D:1      | Succumbed to a kobold's poison

Illustrated notes

Levels and vault maps discovered:
D:1:      minmay_arrival_hallway, layout_rooms, serial_shops, shop

Action                     || total
---------------------------++-------
  Melee: Unarmed           ||    14
         Constrict         ||     5
         Broad axe         ||     4
   Stab: Sleeping          ||     1
 Armour: Skin              ||     9
  Dodge: Dodged            ||    15

Table legend: (Time is in decaauts)
 A = Elapsed time spent in this place.
 B = Non-inter-level travel time spent in this place.
 C = Inter-level travel time spent in this place.
 D = Time resting spent in this place.
 E = Time spent auto-exploring this place.
 F = Levels seen in this place.
 G = Mean time per level.
                   A        B        C        D        E       F      G
               +--------+--------+--------+--------+--------+-----+--------+
         Total |    161 |    161 |      0 |      0 |    105 |   1 |  161.0 |
       Dungeon |    161 |    161 |      0 |      0 |    105 |   1 |  161.0 |
               +--------+--------+--------+--------+--------+-----+--------+

Top non-repeatable levels by time:
     D:1: 161 daAuts
